 Dungeon Crawl Stone Soup version 0.30.0-19-g36f170ea60 (webtiles) character file.

Game seed: 12164915035428905340

17219 olmar the Basher (level 12, -5/108 HPs)
             Began as an Armataur Fighter on May 29, 2023.
             Was an Initiate of Gozag.
             Slain by Jorgrun
             ... wielding a +0 heavy quarterstaff
              (6 damage)
             ... while petrified by Jorgrun
             ... on level 12 of the Dungeon.
             The game lasted 00:19:39 (11331 turns).

olmar the Basher (Armataur Fighter)                Turns: 11331, Time: 00:19:39

Health: -5/108     AC: 12    Str: 26    XL:     12   Next: 16%
Magic:  12/12      EV: -2    Int: 10    God:    Gozag
Gold:   1453       SH:  0    Dex:  9    Spells: 11/11 levels left

rFire   + . .        P - +5 morningstar (freeze)
rCold   . . .        K - +0 kite shield
rNeg    + + +        F - +0 swamp dragon scales
rPois   ∞            E - +1 hat
rElec   .            (no cloak)
rCorr   .            g - +0 pair of gloves
SInv    .            (no barding)
Will    .....        u - amulet of regeneration
Stlth   +            s - +4 ring of protection
HPRegen 1.18/turn    A - ring of protection from fire
MPRegen 0.13/turn

%: roll
@: petrified, grasped by roots, corroded, gold aura, constricted
A: large, rugged brown scales 3, deformed body, armoured tail, roll, long
tongue, awkward tongue
a: Renounce Religion, Potion Petition, Call Merchant, Bribe Branch


You were on level 12 of the Dungeon.
You worshipped Gozag.
Gozag was most pleased with you.
You visited 2 branches of the dungeon, and saw 13 of its levels.
You also visited: Ossuary.

You collected 1983 gold pieces.
You paid 530 gold pieces to Gozag.

Inventory:

Hand Weapons
 a - a +0 flail
 P - a +5 morningstar of freezing (weapon)
Missiles
 y - 19 javelins
 B - a throwing net
 M - 5 curare-tipped darts
Armour
 c - a +0 buckler
 g - a +0 pair of gloves (worn)
 E - a +1 hat (worn)
 F - +0 swamp dragon scales (worn)
 K - a +0 kite shield (worn)
Jewellery
 s - a +4 ring of protection (left hand)
 t - a +6 ring of strength
 u - an amulet of regeneration (around neck)
 z - a ring of positive energy
 A - a ring of protection from fire (right hand)
 I - an amulet of magic regeneration
 L - a ring of flight
Wands
 n - a wand of polymorph (14)
 q - a wand of iceblast (10) (quivered)
Scrolls
 e - 7 scrolls of enchant weapon
 f - 2 scrolls of immolation
 h - 2 scrolls of enchant armour {unknown}
 o - 6 scrolls of fog
 r - 2 scrolls of silence
 C - 2 scrolls of vulnerability {unknown}
 G - a scroll of blinking {unknown}
 H - a scroll of fear {unknown}
 J - 3 scrolls of identify
 N - a scroll of magic mapping
 O - 2 scrolls of noise {unknown}
 S - 2 scrolls of teleportation
Potions
 b - 3 potions of mutation {unknown}
 d - 7 potions of might
 i - 3 potions of heal wounds {unknown}
 j - 3 potions of curing
 k - a potion of lignification {unknown}
 m - a potion of attraction
 v - a potion of flight
 w - a potion of magic {unknown}
 x - a potion of cancellation
 D - a potion of brilliance {unknown}
 Q - a potion of resistance {unknown}
 R - 4 potions of ambrosia
Miscellaneous
 l - a box of beasts (inert)


   Skills:
 + Level 8.1 Fighting
 + Level 12.6 Maces & Flails
 + Level 0.7 Throwing
 + Level 10.6 Armour
 - Level 1.5 Dodging
 - Level 2.6 Stealth
 + Level 9.2 Shields
 + Level 3.0 Evocations


You had 11 spell levels left.
You didn't know any spells.
Your spell library contained the following spells:

 Spells                   Type           Power      Damage    Failure   Level
 Static Discharge         Conj/Air       0%         2-2/arc   80%         2
 Inner Flame              Hex/Fire       0%         N/A       95%         3
 Airstrike                Air            0%         2d(0-16)  100%        4
 Flame Wave               Conj/Fire      0%         2d4       100%        4
 Sticky Flame             Conj/Fire      0%         2d3       100%        4
 Summon Lightning Spire   Summ/Air       0%         N/A       100%        4


Dungeon Overview and Level Annotations

Branches:
Dungeon (12/15)            Temple (0/1) D:6            Lair (1/5) D:11
Ossuary (visited)
    Orc: D:9-12

Altars:
Ashenzari
Cheibriados
Elyvilon
Fedhas
Gozag
Hepliaklqana
Okawaru
Ru
Sif Muna
Trog
Uskayaw
Vehumet
Xom
Yredelemnul
Zin

Shops:
D:2 [   D:5 *

Annotations:
D:12 Jorgrun


Innate Abilities, Weirdness & Mutations

You are completely covered in rugged brown scales. (AC +3, +7% HP)
Armour fits poorly on your strangely shaped body.
You have a long armoured tail.
You roll when moving toward enemies. (Rampage)
Your long tongue fully drains potion bottles. (2x potion effects)
Your tongue gives you trouble enunciating. (1.5x scroll delay)


Message History

Things that are here:
5 gold pieces; a +0 rapier; a +0 chain mail Unknown command.
Unknown command.
Unknown command.
Okay, then.
Okay, then.
The air fills with toxic fumes!
As you slowly read the scroll of poison, it crumbles to dust.
You block the white ugly thing's attack.
Jorgrun is engulfed in poison gas.
Jorgrun is poisoned.
Jorgrun casts a spell next to you.
Some rock shatters into small pieces.
The white ugly thing pecks you. The white ugly thing freezes you!!
Jorgrun is engulfed in poison gas.
Jorgrun looks even sicker.
Jorgrun gestures at you while chanting.
Roots burst forth from the earth!
The grasping roots grab you! The grasping roots constrict you.
You have turned to stone.
The red ugly thing is engulfed in poison gas.
The red ugly thing is poisoned.
The red ugly thing tail-slaps you!
You are engulfed in flames.
You resist.
* * * LOW HITPOINT WARNING * * *
The white ugly thing pecks you!
* * * LOW HITPOINT WARNING * * *
The white ugly thing freezes you!!
* * * LOW HITPOINT WARNING * * *
Jorgrun is engulfed in poison gas.
Jorgrun looks even sicker.
The grasping roots constrict you!
* * * LOW HITPOINT WARNING * * *
The red ugly thing is engulfed in poison gas.
The red ugly thing looks even sicker.
The red ugly thing tail-slaps you but does no damage.
The white ugly thing pecks you!
* * * LOW HITPOINT WARNING * * *
The white ugly thing freezes you!!
* * * LOW HITPOINT WARNING * * *
Jorgrun hits you with a +0 heavy quarterstaff!
You die...
Your body crumbles into a pile of gold.

# #. #. #.
############.##
#.........###.§######
#.........##§§§@u§§§#
##..###..§§§§§§§gu$§§#
....#
####§§§####§..§§§#
.##.## ##### .D##§##§#
.##..# C..C §§# #
.##..# K..#.. $.#§§
..#..## ## ..# .##§§
......# #.. ## §§.
.###..# #.. ..


You could see Jorgrun (very poisoned) and 2 ugly things.

Vanquished Creatures
  Gastronok (D:8)
  A two-headed ogre (D:11)
  2 centaur warriors
  A death yak (D:11)
  Sonja (Lair:1)
  A skyshark (D:10)
  2 deep elf pyromancers (D:12)
  A wizard (D:10)
  An ugly thing (D:12)
  A manticore (D:11)
  A cyclops (D:11)
  Maggie (D:8)
  A kobold demonologist (D:12)
  A komodo dragon (D:10)
  A queen bee (D:11)
  2 trolls (D:10)
  A hornet (D:9)
  2 slime creatures
  A wyvern (D:11)
  A vampire (D:10)
  A wraith (D:9)
  9 yaks
  A basilisk (D:11)
  3 vampire mosquitoes
  3 acid dragons
  4 water moccasins
  An orc warrior (D:9)
  2 ice beasts
  A black bear (D:11)
  An ogre (D:3)
  3 centaurs
  7 wolves (Lair:1)
  2 phantoms
  An elf zombie (Ossuary)
  Blork the orc (D:6)
  2 kobold brigands
  6 bullfrogs
  A gnoll sergeant (D:8)
  2 scorpions (D:4)
  9 wights
  31 killer bees
  6 howler monkeys
  A crimson imp (D:10)
  3 human zombies (Ossuary)
  3 centaur zombies (Ossuary)
  2 jellies (D:6)
  3 sleepcaps
  5 orc priests
  3 iguanas
  2 gnoll boudas (D:8)
  4 orc wizards
  2 mummies (Ossuary)
  12 gnolls (D:8)
  10 adders
  A white imp (D:5)
  3 ufetubi
  An adder zombie (Ossuary)
  A worm (D:2)
  4 dart slugs
  24 orcs
  21 bats
  4 endoplasms
  4 giant cockroaches
  11 goblins
  6 hobgoblins
  4 jackals
  3 quokkas
  7 ball pythons
  A frilled lizard (D:1)
  12 hobgoblin zombies (Ossuary)
  A jackal zombie (Ossuary)
  15 kobolds
  9 kobold zombies (Ossuary)
  7 orc zombies
  5 rats
  2 rat zombies
  A spectral orc (D:7)
318 creatures vanquished.

Vanquished Creatures (collateral kills)
  2 killer bees (D:11)
2 creatures vanquished.

Grand Total: 320 creatures vanquished

Notes
Turn   | Place    | Note
-------+----------+-------------------------------------------
     0 | D:1      | olmar the Armataur Fighter began the quest for the Orb.
     0 | D:1      | Reached XP level 1. HP: 19/19 MP: 1/1
   116 | D:1      | Reached XP level 2. HP: 25/26 MP: 2/2
   155 | D:1      | Reached skill level 2 in Maces & Flails
   668 | D:2      | Reached XP level 3. HP: 21/33 MP: 3/3
   719 | D:2      | Found Zacunef's Armour Boutique.
   845 | D:2      | Found a faded altar of an unknown god.
  1267 | D:2      | Reached XP level 4. HP: 38/40 MP: 4/4
  1796 | D:3      | Reached skill level 3 in Maces & Flails
  1886 | D:3      | Noticed an ogre
  1905 | D:4      | Found a hazy altar of Hepliaklqana.
  1941 | D:4      | Found a bloodstained altar of Trog.
  1998 | D:4      | Found a broken altar of Ashenzari.
  2008 | D:4      | Noticed a scorpion
  2017 | D:4      | Killed a scorpion
  2018 | D:4      | Reached XP level 5. HP: 26/48 MP: 5/5
  2201 | D:4      | Reached skill level 4 in Maces & Flails
  2201 | D:4      | Reached skill level 5 in Armour
  2449 | D:4      | Found a snail-covered altar of Cheibriados.
  2449 | D:4      | Found a radiant altar of Vehumet.
  2450 | D:4      | Found a blossoming altar of Fedhas.
  2477 | D:4      | Identified the +4 mace "Imamusu" {freeze, Will+}
  2571 | D:4      | Reached XP level 6. HP: 42/54 MP: 6/6
  3116 | D:3      | Reached skill level 1 in Dodging
  3402 | D:5      | Entered Level 5 of the Dungeon
  3402 | D:5      | Noticed an ice beast
  3415 | D:5      | Killed an ice beast
  3580 | D:5      | Reached XP level 7. HP: 60/60 MP: 7/7
  3639 | D:5      | Reached skill level 5 in Maces & Flails
  3902 | D:5      | Found Mosutian's Serpentskin Sales.
  4543 | D:6      | Reached skill level 6 in Maces & Flails
  4569 | D:6      | Reached XP level 8. HP: 62/70 MP: 8/8
  4619 | D:6      | Found an opulent altar of Gozag.
  4651 | D:6      | Noticed Blork the orc
  4652 | D:6      | Became a worshipper of Gozag Ym Sagoz the Greedy
  4660 | D:6      | Killed Blork the orc
  5002 | D:6      | You fall into a shaft and drop 2 floors!
  5018 | D:8      | Found a white marble altar of Elyvilon.
  5307 | D:8      | Noticed Gastronok
  5311 | D:8      | Noticed Maggie
  5324 | D:8      | Killed Gastronok
  5325 | D:8      | Reached skill level 5 in Fighting
  5325 | D:8      | Reached skill level 7 in Maces & Flails
  5325 | D:8      | Reached skill level 1 in Stealth
  5325 | D:8      | Reached skill level 5 in Shields
  5325 | D:8      | Reached skill level 1 in Evocations
  5325 | D:8      | Reached XP level 9. HP: 45/79 MP: 9/9
  5331 | D:8      | Killed Maggie
  5332 | D:8      | Reached skill level 8 in Maces & Flails
  5541 | D:7      | Found a shimmering blue altar of Sif Muna.
  5675 | D:7      | HP: 5/118 [wight/+4 short sword (4)]
  5714 | D:7      | Found a sand-covered staircase.
  5733 | D:7      | Found a shimmering altar of Xom.
  5815 | Ossuary  | Entered an ossuary
  6027 | Ossuary  | Reached skill level 9 in Maces & Flails
  6246 | D:7      | Found a basalt altar of Yredelemnul.
  6362 | D:7      | Reached XP level 10. HP: 66/86 MP: 10/10
  6466 | D:7      | Found a hide-covered altar of Uskayaw.
  6987 | D:6      | Found a glowing silver altar of Zin.
  7033 | D:6      | Found a sacrificial altar of Ru.
  7107 | D:6      | Found a staircase to the Ecumenical Temple.
  7345 | D:8      | Noticed a centaur warrior
  7356 | D:8      | Killed a centaur warrior
  7357 | D:8      | Reached skill level 10 in Maces & Flails
  8745 | D:10     | Entered Level 10 of the Dungeon
  9256 | D:10     | Noticed Nergalle
  9301 | D:10     | Found an iron altar of Okawaru.
  9357 | D:10     | Reached skill level 11 in Maces & Flails
  9733 | D:10     | Reached XP level 11. HP: 88/91 MP: 11/11
  9735 | D:10     | Nergalle changed into Nergalle the skyshark
  9735 | D:10     | Noticed Nergalle
  9914 | D:10     | Killed Nergalle the skyshark
 10033 | D:10     | Noticed a wizard
 10048 | D:10     | Killed a wizard
 10088 | D:11     | Noticed a two-headed ogre
 10094 | D:11     | Killed a two-headed ogre
 10354 | D:11     | Found a staircase to the Lair.
 10363 | D:11     | Noticed a death yak
 10384 | D:11     | Killed a death yak
 10400 | D:11     | Reached skill level 10 in Armour
 10606 | Lair:1   | Entered Level 1 of the Lair of Beasts
 10610 | Lair:1   | Noticed Sonja
 10631 | Lair:1   | HP: 2/98 [wolf (5)]
 10639 | Lair:1   | Reached skill level 12 in Maces & Flails
 10676 | Lair:1   | Killed Sonja
 11171 | D:12     | Noticed a deep elf pyromancer
 11172 | D:12     | Noticed a centaur warrior
 11183 | D:12     | Killed a deep elf pyromancer
 11189 | D:12     | Killed a centaur warrior
 11190 | D:12     | Reached XP level 12. HP: 67/108 MP: 12/12
 11322 | D:12     | Noticed Jorgrun
 11331 | D:12     | HP: 1/108 [white ugly thing (10)]
 11331 | D:12     | Slain by Jorgrun

Illustrated notes

Levels and vault maps discovered:
D:1:      minmay_arrival_wavy_path, layout_rooms
D:2:      layout_basic, serial_shops, shop,
          shapermc_ecumenical_altar_starsandcircs, serial_curves,
          eino_curves_04, eino_curves_03
D:3:      layout_rooms, roderic_batcave
D:4:      layout_cave_pods, overflow_temple_1_default,
          mainiacjoe_overflow_catwalk, gammafunk_temple_overflow_forgotten,
          mainiacjoe_overflow_small_starburst, minmay_close_crescents
D:5:      wander_river, layout_gridville, guppyfry_shop_venom
D:6:      layout_basic, lemuel_crystal_altar, mainiacjoe_overflow_boulevard,
          lemuel_coloured_pillars_altar, minmay_temple_entry_mist,
          minmay_misc_feat_plants, uniq_blork_the_orc
D:7:      layout_basic, mainiacjoe_overflow_alcove_2,
          yredelemnul_forgotten_temple_becter, lemuel_crystal_altar,
          nicolae_sif_muna_condensation, enter_ossuary_3
D:8:      minmay_distorted_concentric_squares, layout_loops_ring,
          old_standard_altar, uniq_maggie, uniq_gastronok
D:9:      layout_basic
D:10:     layout_gridville, old_standard_altar, lightli_wizard_tower,
          uniq_nergalle
D:11:     layout_roguey [special_room_bee], david_lair_generic
D:12:     layout_rooms, david_orc_5, serial_glass, glass_columns_a,
          glass_columns_a, glass_columns_a, glass_columns_a,
          minmay_pinched_square, uniq_jorgrun
Lair:1:   layout_hall_layers, grunt_megastairs_2, infiniplex_staircase_pool_2,
          serial_bayou_shore_b, uniq_harold, uniq_sonja

Skill      XL: |  1  2  3  4  5  6  7  8  9 10 11 12 |
---------------+-------------------------------------+-----
Maces & Flails | 2 3 4 6 7 9 11 12 | 12.6
Armour         | 4 5 6 8 9 10 | 10.6
Fighting       | 3 4 5 6 7 8 |  8.1
Shields        | 4 5 6 8 9 |  9.2
Dodging        | 1 |  1.5
Stealth        | 1 2 |  2.6
Evocations     | 1 2 3 |  3.0
Throwing       | |  0.7

Action                     |  1- 3 |  4- 6 |  7- 9 | 10-12 || total
---------------------------+-------+-------+-------+-------++-------
  Melee: Flail             |   130 |   148 |   408 |   251 ||   937
         Tailslap          |     6 |    16 |    46 |    66 ||   134
         Morningstar       |       |       |       |   299 ||   299
  Throw: Javelin           |       |       |     6 |     1 ||     7
         Throwing net      |       |       |       |     2 ||     2
 Invoke: Potion Petition   |       |       |       |     2 ||     2
  Evoke: Wand              |       |       |    13 |    10 ||    23
         Box of beasts     |       |       |       |     1 ||     1
    Use: Scroll            |     3 |       |     7 |     6 ||    16
         Potion            |       |       |     8 |     4 ||    12
   Stab: Distracted        |       |       |     1 |     3 ||     4
         Held in net/web   |       |       |       |     2 ||     2
         Sleeping          |       |       |       |     1 ||     1
 Armour: Scale mail        |    97 |    85 |       |       ||   182
         Chain mail        |       |    14 |   120 |       ||   134
         Swamp dragon scal |       |       |   128 |   299 ||   427
  Dodge: Dodged            |    50 |    60 |   144 |   176 ||   430
  Block: Buckler           |    37 |    31 |    79 |    16 ||   163
         Kite shield       |       |       |       |   248 ||   248
